 Dungeon Crawl Stone Soup version 0.31-a0-543-geaa9c7a2c0 (webtiles) character file.

Game seed: 3056096495375500250

114 AdnanSaban the Covered (level 4, 0/29 HPs)
             Began as a Gargoyle Fighter on Aug 15, 2023.
             Slain by Grinder (1 damage)
             ... on level 3 of the Dungeon.
             The game lasted 00:01:26 (1837 turns).

AdnanSaban the Covered (Gargoyle Fighter)           Turns: 1837, Time: 00:01:26

Health: 0/29       AC: 16    Str: 21    XL:     4   Next: 97%
Magic:  4/4        EV:  6    Int:  9    God:
Gold:   149        SH:  4    Dex:  9    Spells: 3/3 levels left

rFire   . . .        r - +2 flail (drain)
rCold   . . .        c - +0 buckler
rNeg    + . .        q - +0 plate armour
rPois   ∞            (no helmet)
rElec   +            (no cloak)
rCorr   .            k - +0 pair of gloves
SInv    .            (no boots)
Will    .....        (no amulet) Stlth
                     (no ring)
HPRegen 0.24/turn    (no ring)
MPRegen 0.09/turn

%: no passive effects
@: no status effects
A: sickness immunity, AC +3, negative energy resistance 1, electricity
resistance, torment resistance 1, petrification resistance
a: no special abilities


You were on level 3 of the Dungeon.
You visited 1 branch of the dungeon, and saw 3 of its levels.

You collected 149 gold pieces.

Inventory:

Hand Weapons
 r - a +2 flail of draining (weapon)
Missiles
 g - 5 poisoned darts
Armour
 c - a +0 buckler (worn)
 k - a +0 pair of gloves (worn)
 q - a +0 plate armour (worn)
Scrolls
 a - a scroll of brand weapon {unknown}
 h - 3 scrolls of teleportation {unknown}
 l - a scroll of silence {unknown}
 n - a scroll of fog {unknown}
 o - a scroll of revelation {unknown}
Potions
 d - a potion of might
 e - a potion of curing {unknown}
 f - 4 potions of enlightenment {unknown}
 i - 2 potions of berserk rage {unknown}
 j - 2 potions of lignification {unknown}
 m - 2 potions of heal wounds {unknown}
 p - a potion of attraction {unknown}


   Skills:
 + Level 3.8 Fighting
 + Level 3.5 Maces & Flails
 + Level 4.0 Armour
 + Level 0.6 Dodging
 + Level 0.6 Stealth
 + Level 3.6 Shields


You had 3 spell levels left.
You didn't know any spells.
Your spell library was empty.

Dungeon Overview and Level Annotations

Branches:
Dungeon (3/15)

Altars:
Elyvilon

Annotations:
D:3 Grinder


Innate Abilities, Weirdness & Mutations

You are immune to sickness and miasma.
Your stone body is resilient. (AC +3)
You are immune to poison.
You resist negative energy. (rN+)
You are resistant to electric shocks. (rElec)
You are resistant to unholy torment.
You are immune to petrification.


Message History

Grinder is lightly wounded.
Grinder hits you.
You barely miss Grinder.
Grinder is lightly wounded.
Grinder hits you.
You writhe in agony.
You sock Grinder!
Grinder is moderately wounded.
Grinder blinks!
Grinder hits you but does no damage.
You barely miss Grinder.
Grinder is moderately wounded.
Grinder gestures at you. Pain shoots through your body!
Grinder blinks!
Grinder gestures at you.
You suddenly lose the ability to move!
Grinder hits you but does no damage. Grinder completely misses you.
You can move again.
You hit Grinder but do no damage.
Grinder is moderately wounded.
Grinder gestures at you. Pain shoots through your body!
You closely miss Grinder.
Grinder is moderately wounded.
Grinder completely misses you.
You closely miss Grinder.
Grinder is moderately wounded.
Grinder hits you!
You writhe in agony.
* * * LOW HITPOINT WARNING * * *
Grinder completely misses you.
Unknown command.
You hit Grinder.
Grinder is moderately wounded.
Grinder hits you but does no damage.
You hit Grinder.
Grinder is heavily wounded.
Grinder hits you.
* * * LOW HITPOINT WARNING * * *
You writhe in agony.
You die...

.......# ....# ### ...
........ ..... .......>...
.5##...#. ###...###
...#..... .. .
###...#.#~~...~~#....#......
#.. #.#~..♣..~#....#...#.###
#.. ........................
#.#.....♣._.♣.r....#........
........................
..#~..♣@.~######.#......
#~~..5~~# ......#....
.###...#########.#.....
...##............#.....
#...##.#######.##.(...
###....# #.##.....
.######.### #.##.....
..........# #.##.....
........#.# ##.##.....


You could see Grinder and a neutral quokka (wandering).

Vanquished Creatures
  A phantom (D:2)
  A worm (D:2)
  A dart slug (D:1)
  An orc (D:3)
  5 endoplasms
  A giant cockroach (D:2)
  3 goblins
  2 hobgoblins (D:1)
  3 jackals (D:2)
  3 kobolds
  A quokka (D:1)
  A ball python (D:2)
  5 bats
  A frilled lizard (D:2)
  4 rats
33 creatures vanquished.

Notes
Turn   | Place    | Note
-------+----------+-------------------------------------------
     0 | D:1      | AdnanSaban the Gargoyle Fighter began the quest for the
                  | Orb.
     0 | D:1      | Reached XP level 1. HP: 14/14 MP: 1/1
    80 | D:1      | Reached XP level 2. HP: 16/19 MP: 2/2
   942 | D:2      | Reached XP level 3. HP: 23/23 MP: 3/3
  1458 | D:2      | Noticed a phantom
  1470 | D:2      | Killed a phantom
  1471 | D:2      | Reached skill level 4 in Armour
  1471 | D:2      | Reached XP level 4. HP: 24/29 MP: 4/4
  1678 | D:3      | Noticed Grinder
  1736 | D:3      | Found a faded altar of an unknown god.
  1809 | D:3      | Found a white marble altar of Elyvilon.
  1828 | D:3      | Paralysed by Grinder for 5 turns
  1837 | D:3      | HP: 1/29 [Grinder (6)]
  1837 | D:3      | Slain by Grinder

Illustrated notes

Levels and vault maps discovered:
D:1:      lightli_arrival_chessboard, layout_basic
D:2:      layout_basic
D:3:      layout_basic, elyvilon_altar_4, nicolae_ecumenical_pavilion,
          minmay_misc_feat_more_columns, uniq_grinder

Skill      XL: |  1  2  3 |
---------------+----------+-----
Maces & Flails | 3 |  3.5
Armour         | 4 |  4.0
Fighting       | |  3.8
Dodging        | |  0.6
Stealth        | |  0.6
Shields        | |  3.6

Action                     |  1- 3 |  4- 6 || total
---------------------------+-------+-------++-------
  Melee: Flail             |   105 |    15 ||   120
 Armour: Scale mail        |    53 |       ||    53
         Plate armour      |       |     4 ||     4
  Dodge: Dodged            |    45 |     5 ||    50
  Block: Buckler           |    16 |       ||    16

Table legend: (Time is in decaauts)
 A = Elapsed time spent in this place.
 B = Non-inter-level travel time spent in this place.
 C = Inter-level travel time spent in this place.
 D = Time resting spent in this place.
 E = Time spent auto-exploring this place.
 F = Levels seen in this place.
 G = Mean time per level.
                   A        B        C        D        E       F      G
               +--------+--------+--------+--------+--------+-----+--------+
         Total |   1872 |   1793 |     79 |      0 |   1468 |   3 |  624.0 |
       Dungeon |   1872 |   1793 |     79 |      0 |   1468 |   3 |  624.0 |
               +--------+--------+--------+--------+--------+-----+--------+

Top non-repeatable levels by time:
     D:2: 920 daAuts
     D:1: 845 daAuts
     D:3: 106 daAuts
